 Dungeon Crawl Stone Soup version 0.27.1-33-g824d729ab1 (webtiles) character file.

Game seed: 16195037971687541910

44 Grabarz the Grave Robber (level 3, -3/26 HPs)
             Began as a Demonspawn Necromancer on Dec 7, 2021.
             Killed from afar by Natasha (8 damage)
             ... with a magic dart
             ... on level 2 of the Dungeon.
             The game lasted 00:24:27 (3315 turns).

Grabarz the Grave Robber (Demonspawn Necromancer)   Turns: 3315, Time: 00:24:28

Health: -3/26      AC:  2    Str:  8    XL:     3   Next: 41%
Magic:  3/7        EV: 12    Int: 17    God:
Gold:   98         SH:  0    Dex: 13    Spells: 3/7 levels left

rFire    . . .     SeeInvis .   (no weapon)
rCold    . . .     Faith    .   (no shield)
rNeg     . . .     Spirit   .   a - +0 robe
rPois    .         Reflect  .   (no helmet)
rElec    .         Harm     .   (no cloak)
rCorr    .         Rampage  .   (no gloves)
Will     .....                  (no boots)
Stlth    ++........             (no amulet)
HPRegen  0.08/turn              (no ring)
MPRegen  0.10/turn              (no ring)

@: no status effects
A: powered by death 1
a: no special abilities


You were on level 2 of the Dungeon.
You visited 1 branch of the dungeon, and saw 2 of its levels.

You collected 98 gold pieces.

Inventory:

Armour
 a - a +0 robe (worn)
Scrolls
 b - a scroll of fog {unknown}
 c - a scroll of noise {unknown}
 e - a scroll of silence {unknown}
 f - a scroll of teleportation {unknown}
Potions
 d - a potion of might {unknown}
 g - 2 potions of experience {unknown}


   Skills:
 + Level 1.0 Fighting
 - Level 2.0 Dodging
 - Level 1.7 Stealth
 * Level 2.7 Spellcasting
 * Level 4.9 Necromancy


You had 3 spell levels left.
You knew the following spells:

 Your Spells              Type           Power      Damage    Failure   Level
a - Pain                  Necr           76%        1d7       2%          1
b - Vampiric Draining     Necr           9%         2d7       7%          3

Your spell library contained the following spells:

 Spells                   Type           Power      Damage    Failure   Level
 Animate Skeleton         Necr           38%        N/A       2%          1
 Foxfire                  Conj/Fire      8%         2x1d4     19%         1
 Conjure Flame            Conj/Fire      2%         6-21      47%         3
 Inner Flame              Hex/Fire       2%         N/A       47%         3
 Animate Dead             Necr           9%         N/A       24%         4
 Agony                    Necr           19%        N/A       54%         5


Dungeon Overview and Level Annotations

Branches:
Dungeon (2/15)

Altars:

Annotations:
D:2 Natasha


Innate Abilities, Weirdness & Mutations

You regenerate a little health from kills.


Message History

Aiming: Pain (safe; 2% risk of failure)
Press: ? - help, Q - select action Shift-Dir - straight line, f - you
Okay, then.
Aiming: Pain (safe; 2% risk of failure)
Press: ? - help, Q - select action Shift-Dir - straight line, f - you
Okay, then.
Aiming: Pain (safe; 2% risk of failure)
Press: ? - help, Q - select action Shift-Dir - straight line, f - Natasha
Aim: Natasha (chance to affect: 78%) Natasha writhes in agony.
Aiming: Pain (safe; 2% risk of failure)
Press: ? - help, Q - select action Shift-Dir - straight line, f/p - Natasha
Aim: Natasha (lightly wounded, chance to affect: 78%) Natasha barely resists.
Natasha stares at you and mumbles some strange words.
The magic dart hits you.
Aiming: Pain (safe; 2% risk of failure)
Press: ? - help, Q - select action Shift-Dir - straight line, f/p - Natasha
Aim: Natasha (lightly wounded, chance to affect: 78%) Natasha barely resists.
Aiming: Pain (safe; 2% risk of failure)
Press: ? - help, Q - select action Shift-Dir - straight line, f/p - Natasha
Aim: Natasha (lightly wounded, chance to affect: 78%) Natasha barely resists.
Aiming: Pain (safe; 2% risk of failure)
Press: ? - help, Q - select action Shift-Dir - straight line, f/p - Natasha
Aim: Natasha (lightly wounded, chance to affect: 78%) Natasha writhes in agony.
Natasha barely misses you.
Natasha stares at you and mumbles some strange words.
The magic dart hits you!
* * * LOW HITPOINT WARNING * * *
Natasha stares at you and mumbles some strange words.
You resist with significant effort.
Natasha extends her claws.
Natasha mumbles some strange words.
You feel disoriented.
Natasha stares at you and mumbles some strange words.
The magic dart hits you!
You die...

.#######..........#
#.#.#....#
..................#
#.#S#....#
########..........#
#.#.#....# ## ####..........#
#.#.#.#+###.. #...........###
#.#.#.#.# #.# #...........#
#.#...#.# #.#
#...........#####.##..#.# #.#
#.................##..#.###.#
#...........@########.S.....#
#.........)..# #.#.##...
#............# #.#.##...
####.†......h# #...##..S
####.........# ##..##...
#...........## #..##.).
#...........####### ##.##..S
#......#..........# #.##...
#......#..........# #.##...


You could see Natasha.

Vanquished Creatures
  2 worms
  A dart slug (D:2)
  5 ball pythons
  4 bats
  3 endoplasms
  5 giant cockroaches
  3 goblins
  3 hobgoblins
  A kobold (D:1)
  A quokka (D:1)
  3 frilled lizards (D:1)
  4 rats (D:1)
35 creatures vanquished.

Notes
Turn   | Place    | Note
-------+----------+-------------------------------------------
     0 | D:1      | Grabarz the Demonspawn Necromancer began the quest for the
                  | Orb.
     0 | D:1      | Reached XP level 1. HP: 13/13 MP: 3/3
     1 | D:1      | Noticed an electric eel
   300 | D:1      | Gained mutation: You regenerate a little health from kills.
                  | [demonic ancestry]
   300 | D:1      | Reached XP level 2. HP: 19/19 MP: 3/5
  1159 | D:2      | Found a faded altar of an unknown god.
  1376 | D:2      | HP: 1/20 [worm (6)]
  2095 | D:2      | Noticed Natasha
  2389 | D:2      | Reached XP level 3. HP: 25/25 MP: 4/6
  2428 | D:1      | Learned a level 3 spell: Vampiric Draining
  3178 | D:2      | Reached skill level 1 in Fighting
  3315 | D:2      | Killed from afar by Natasha

Illustrated notes

Levels and vault maps discovered:
D:1:      arrival_aquarium_a, layout_loops_ring, serial_aquarium,
          aquarium_bridge_straight [aquarium_subvault_bridge,
          aquarium_subvault_wall, aquarium_subvault_bridge,
          aquarium_subvault_window], aquarium_bridge_square
          [aquarium_subvault_bridge, aquarium_subvault_wall,
          aquarium_subvault_balcony, aquarium_subvault_window],
          aquarium_window_1, aquarium_window_corner, aquarium_view_2e,
          aquarium_view_2a, aquarium_balcony_3a, minmay_close_crescents
D:2:      layout_basic, shapermc_ecumenical_altar_starsandcircs, serial_shops,
          shop, uniq_natasha, uniq_jessica

Skill      XL: |  1  2  3 |
---------------+----------+-----
Dodging        | 2 |  2.0
Fighting       | 1 |  1.0
Stealth        | |  1.7
Spellcasting   | |  2.7
Necromancy     | |  4.9

Action                   || total
-------------------------++-------
Melee: Unarmed           ||     2
 Cast: Pain              ||   102
       Vampiric Draining ||     1
Armor: Robe              ||     8
Dodge: Dodged            ||    31
